 Dungeon Crawl Stone Soup version 0.20.0-15-g7f486f2 (webtiles) character file.

10194 manyhoops the Carver (level 11, -20/79 HPs)
             Began as a Green Draconian Gladiator on June 13, 2017.
             Was an Elder of Makhleb.
             Hit by a large rock thrown by a cyclops (34 damage)
             ... on level 11 of the Dungeon.
             The game lasted 00:27:08 (10108 turns).

manyhoops the Carver (Green Draconian Gladiator)   Turns: 10108, Time: 00:27:22

Health: -20/79     AC: 11    Str: 14    XL:     11   Next: 33%
Magic:  17/17      EV: 18    Int: 10    God:    Makhleb [****..]
Gold:   724        SH:  0    Dex: 21    Spells: 6/10 levels left

rFire    . . .     SeeInvis .   P - +2 great sword of the Ship {elec, Dex+6}
rCold    + . .     Gourm    .   (shield currently unavailable)
rNeg     . . .     Faith    .   (armour unavailable)
rPois    +         Spirit   .   E - +2 hat
rElec    .         Reflect  .   (no cloak)
rCorr    .         Harm     .   j - +0 pair of gloves
MR       .....                  x - +0 pair of boots
Stlth    ++........             i - amulet of regeneration
Regen    0.7/turn               h - ring of protection from cold
MPRegen  0.2/turn               (no ring)

@: no status effects
A: breathe noxious fumes, unfitting armour, antennae 1, poison resistance, weak
1, cold-blooded, AC +7
a: Breathe Noxious Fumes, Minor Destruction, Lesser Servant of Makhleb, Major
Destruction, Renounce Religion


You were on level 11 of the Dungeon.
You worshipped Makhleb.
Makhleb was greatly pleased with you.
You were not hungry.

You visited 1 branch of the dungeon, and saw 11 of its levels.
You also visited: Sewer.

You collected 808 gold pieces.
You spent 84 gold pieces at shops.

Inventory:

Hand Weapons
 H - a +3 halberd of flaming
 P - the +2 great sword of the Ship (weapon) {elec, Dex+6}
   (You found it on level 10 of the Dungeon)

   Occasionally, upon striking a foe, it will discharge some electrical energy
   and cause terrible harm.
   It affects your dexterity (+6).
Missiles
 c - 4 throwing nets (quivered)
Armour
 b - a +0 hat
 j - a +0 pair of gloves (worn)
 x - a +0 pair of boots (worn)
 E - a +2 hat (worn)
Jewellery
 h - a ring of protection from cold (left hand)
 i - an amulet of regeneration (around neck)
 q - an uncursed ring of wizardry
 M - an uncursed ring of ice
Wands
 a - a wand of digging (8/24)
 f - a wand of flame (6/48)
 r - a wand of flame (8/48)
 v - a wand of paralysis (0/24)
 y - a wand of paralysis (12/24)
 F - a wand of lightning (7/15)
 I - a wand of iceblast (10/15)
 O - a wand of confusion (24/48)
 Q - a wand of random effects (19/48)
Scrolls
 k - 3 scrolls of immolation
 o - a scroll of recharging
 p - a scroll of enchant weapon
 u - 6 scrolls of remove curse
 w - 2 scrolls of identify
 z - a scroll of teleportation
 D - a scroll of amnesia
 L - a scroll of blinking
 N - a scroll of random uselessness {unknown}
Potions
 e - 2 potions of might
 g - a potion of invisibility
 m - 4 potions of heal wounds
 n - 2 potions of flight
 s - 3 potions of brilliance
 A - 5 potions of curing
 C - a potion of haste
 J - a potion of resistance
Books
 B - a book of Minor Magic

   Spells                             Type                      Level
   a - Magic Dart                     Conjuration                  1
   b - Blink                          Translocation                2
   c - Call Imp                       Summoning                    2
   d - Slow                           Hexes                        2
   e - Conjure Flame                  Conjuration/Fire             3
   f - Mephitic Cloud                 Conjuration/Poison/Air       3
Comestibles
 d - 11 bread rations
 l - 4 meat rations
 t - 2 royal jellies
 G - 2 fruits
 K - 2 chunks of flesh


   Skills:
 - Level 2.1 Fighting
 - Level 14.2 Long Blades
 - Level 1.7 Throwing
 - Level 7.3 Dodging
 - Level 8.0 Invocations


You had 6 spell levels left.
You knew the following spells:

 Your Spells              Type           Power        Failure   Level  Hunger
a - Blink                 Tloc           N/A          50%         2    ###....
b - Slow                  Hex            #.......     50%         2    ###....


Dungeon Overview and Level Annotations

Branches:
Dungeon (11/15)            Temple (0/1) D:4
   Lair: D:8-11         Orc: D:9-12

Altars:
Cheibriados
Dithmenos
Elyvilon
Makhleb
Uskayaw

Shops:
D:5 *=   D:7 }   D:8 (

Annotations:
D:5 Ecko2109's ghost, novice MiBe


Innate Abilities, Weirdness & Mutations

You can breathe blasts of noxious fumes.
Your lurid green scales are hard. (AC +7)
You cannot fit into any form of body armour.
Your system is resistant to poisons. (rPois)
You are cold-blooded and may be slowed by cold attacks.
You have a pair of small antennae on your head.
You are weak. (Str -2)


Message History

Memorise Slow, consuming 2 spell levels and leaving 6?
You start memorising the spell.
You continue memorising. x2
Magic restored.
You finish memorising.
Spell assigned to 'b'.
Cast which spell? (? or * to list)
You don't know that spell.
Unknown command.
Cast which spell? (? or * to list)
Okay, then.
l - 4 meat rations (gained 1)
Q - a wand of random effects (?/48)
You swap places.
You open the door.
A killer bee and 3 cyclopes come into view.
The cyclops shouts! x3
The cyclops throws a large rock.
The large rock hits you!!!
Ouch! That really hurt!
* * * LOW HITPOINT WARNING * * *
The cyclops throws a large rock.
The large rock hits you!!
You die...

#..# #.#.
#.## #.#.
#.# #.#.
##.### #####
..## #††..#
....# ..#
#.††.#.yC..#
#..#
#....#.Cy.y'
....
#....'..C..'
..## #...@#
#..34#
#....# #
#....# ##
#....# #.
#....# #.
#....# #.
#....# #.
#....# #.


You could see 3 cyclopes, 3 killer bees, a friendly hellwing and a friendly
smoke demon.

Vanquished Creatures
  2 two-headed ogres (D:11)
  The ghost of NoAnimeNoLife the Basher, a novice DsGl of Qazlal (D:7)
  An ugly thing (D:8)
  A spriggan (D:7)
  Eustachio (D:6)
  2 yaks (D:9)
  2 wargs (D:11)
  Menkaure (D:5)
  An orc warrior (D:10)
  A black bear (D:10)
  2 ice beasts
  3 phantoms
  A necrophage (D:9)
  2 wolves (D:11)
  10 ogres
  4 centaurs
  6 big kobolds
  5 bullfrogs
  A wyvern zombie (D:10)
  A water moccasin zombie (D:8)
  4 scorpions
  10 killer bees
  6 wights
  A howler monkey (D:10)
  4 crimson imps
  A bullfrog zombie (D:11)
  5 orc priests
  5 hounds
  12 orc wizards
  3 jellies
  Natasha (thrice) (D:3)
  A gnoll shaman (D:6)
  2 iguanas
  5 worker ants
  A hound skeleton (D:6)
  A howler monkey zombie (D:8)
  19 gnolls
  9 adders
  2 river rats (Sewer)
  3 shadow imps
  An ooze (D:4)
  An adder zombie (D:5)
  An adder skeleton (D:4)
  3 worms (D:3)
  9 leopard geckos
  44 orcs
  A ball python (D:3)
  7 bats
  7 giant cockroaches
  28 goblins
  18 hobgoblins
  6 jackals
  24 kobolds
  4 quokkas
  8 frilled lizards
  A jackal zombie (D:5)
  A quokka skeleton (D:9)
  8 rats
317 creatures vanquished.

Vanquished Creatures (collateral kills)
  Erolcha (D:11)
  A two-headed ogre (D:11)
  Psyche (D:11)
  4 yaks (D:9)
  2 wargs (D:11)
  2 orc warriors
  An ice beast (D:9)
  A sky beast (D:9)
  A killer bee (D:9)
  A wight (D:11)
  An orc (D:11)
16 creatures vanquished.

Grand Total: 333 creatures vanquished

Notes
Turn   | Place    | Note
-------+----------+-------------------------------------------
     0 | D:1      | manyhoops the Draconian Gladiator began the quest for the Orb.
     0 | D:1      | Reached XP level 1. HP: 17/17 MP: 1/1
   200 | D:1      | Reached XP level 2. HP: 22/24 MP: 2/2
   627 | D:2      | Reached skill level 4 in Long Blades
   627 | D:2      | Reached XP level 3. HP: 29/29 MP: 3/3
  1301 | D:3      | Reached skill level 5 in Long Blades
  1301 | D:3      | Reached XP level 4. HP: 15/36 MP: 4/4
  1367 | D:3      | Found a burning altar of Makhleb.
  1391 | D:3      | Found a hide-covered altar of Uskayaw.
  1391 | D:3      | Found a white marble altar of Elyvilon.
  1391 | D:3      | Found a snail-covered altar of Cheibriados.
  1449 | D:3      | Became a worshipper of Makhleb the Destroyer
  1850 | D:3      | Reached * piety under Makhleb
  1858 | D:3      | Reached XP level 5. HP: 41/41 MP: 5/5
  1886 | D:3      | Noticed Natasha
  1895 | D:3      | Killed Natasha
  1895 | D:3      | Reached skill level 6 in Long Blades
  1994 | D:3      | Noticed Natasha
  2009 | D:3      | Killed Natasha
  2128 | D:3      | Reached XP level 6. HP: 45/48 MP: 6/6
  2160 | D:3      | Reached ** piety under Makhleb
  2173 | D:3      | Reached skill level 7 in Long Blades
  2563 | D:3      | Noticed Natasha
  2628 | D:3      | Killed Natasha
  2852 | D:4      | Found a staircase to the Ecumenical Temple.
  2871 | D:4      | Reached skill level 1 in Invocations
  2871 | D:4      | Your scales start taking on a lurid green colour.
  2871 | D:4      | Reached XP level 7. HP: 55/55 MP: 7/7
  2871 | D:4      | Gained mutation: Your system is resistant to poisons. (rPois) [Green Draconian growth]
  3725 | D:5      | Entered Level 5 of the Dungeon
  3729 | D:5      | Reached skill level 5 in Invocations
  3786 | D:5      | Reached *** piety under Makhleb
  3786 | D:5      | Reached XP level 8. HP: 61/61 MP: 12/12
  3794 | D:5      | Found Dicaic's Jewellery Emporium.
  4197 | D:5      | Reached skill level 5 in Dodging
  4250 | D:5      | Found Rysoo's General Store.
  4254 | D:5      | Bought a potion of curing for 42 gold pieces
  4254 | D:5      | Bought a potion of curing for 42 gold pieces
  4405 | D:5      | Noticed Ecko2109's ghost (novice MiBe)
  4475 | D:5      | Gained mutation: Your magical capacity is low. (-10% MP) [potion of mutation]
  4475 | D:5      | Gained mutation: Your flesh is heat resistant. (rF+) [potion of mutation]
  4550 | D:4      | Lost mutation: Your magical capacity is low. (-10% MP) [potion of mutation]
  4550 | D:4      | Lost mutation: Your flesh is heat resistant. (rF+) [potion of mutation]
  4550 | D:4      | Gained mutation: You are weak. (Str -2) [potion of mutation]
  4550 | D:4      | Gained mutation: You have a pair of small antennae on your head. [potion of mutation]
  4695 | D:5      | Noticed Menkaure
  4713 | D:5      | Killed Menkaure
  4777 | D:6      | Noticed Eustachio
  4799 | D:6      | Killed Eustachio
  4898 | D:6      | Found a glowing drain.
  4916 | Sewer    | Entered a sewer
  4918 | Sewer    | Reached skill level 8 in Long Blades
  5001 | Sewer    | Reached XP level 9. HP: 67/67 MP: 13/13
  5006 | Sewer    | Reached **** piety under Makhleb
  5047 | Sewer    | Found a white marble altar of Elyvilon.
  5695 | D:6      | Reached skill level 9 in Long Blades
  6094 | D:7      | Found Bugiomu's Gadget Boutique.
  6127 | D:7      | Noticed NoAnimeNoLife's ghost (novice DsGl)
  6174 | D:7      | Killed NoAnimeNoLife's ghost
  6174 | D:7      | Reached skill level 10 in Long Blades
  6384 | D:7      | Reached skill level 11 in Long Blades
  7185 | D:8      | Reached ***** piety under Makhleb
  7201 | D:8      | Reached XP level 10. HP: 73/73 MP: 14/14
  7225 | D:8      | Noticed a cyan ugly thing
  7247 | D:8      | Killed a purple ugly thing
  7557 | D:8      | Found a shadowy altar of Dithmenos.
  7570 | D:8      | Found Reol's Weapon Boutique.
  7756 | D:9      | Reached skill level 12 in Long Blades
  8603 | D:10     | Entered Level 10 of the Dungeon
  8924 | D:10     | Got an iridescent great sword
  8928 | D:10     | Identified the cursed +2 great sword of the Ship {elec, Dex+6} (You found it on level 10 of the Dungeon)
  9133 | D:10     | Reached skill level 13 in Long Blades
  9530 | D:11     | Noticed a two-headed ogre
  9530 | D:11     | Noticed a two-headed ogre
  9540 | D:11     | Killed a two-headed ogre
  9540 | D:11     | Reached XP level 11. HP: 72/79 MP: 16/16
  9555 | D:11     | Killed a two-headed ogre
  9648 | D:11     | Noticed Psyche
  9654 | D:11     | Killed Psyche
  9959 | D:11     | Noticed Erolcha
  9966 | D:11     | Killed Erolcha
  9991 | D:11     | Noticed a two-headed ogre
 10003 | D:11     | Killed a two-headed ogre
 10003 | D:11     | Reached skill level 14 in Long Blades
 10093 | D:11     | Learned a level 2 spell: Blink
 10096 | D:11     | Learned a level 2 spell: Slow
 10108 | D:11     | Hit by a large rock thrown by a cyclops

Skill      XL: |  1  2  3  4  5  6  7  8  9 10 11 |
---------------+----------------------------------+-----
Long Blades    | 4 5 6 7 8 11 13 14 | 14.2
Invocations    | 1 5 7 8 |  8.0
Dodging        | 3 7 |  7.3
Fighting       | |  2.1
Throwing       | |  1.7

Action                   |  1- 3 |  4- 6 |  7- 9 | 10-12 || total
-------------------------+-------+-------+-------+-------++-------
Melee: Long sword        |    77 |   240 |   453 |   178 ||   948
       Tailslap          |     5 |    38 |    69 |    38 ||   150
       Great sword       |       |       |       |    54 ||    54
Invok: Minor Destruction |       |     2 |     1 |     1 ||     4
       Lesser Servant of |       |       |       |    11 ||    11
       Major Destruction |       |       |       |     3 ||     3
 Abil: Breathe Noxious F |       |       |    14 |     1 ||    15
Evoke: Wand              |       |     5 |     5 |     1 ||    11
  Use: Scroll            |     3 |     3 |    11 |     6 ||    23
       Potion            |     2 |     3 |     3 |     1 ||     9
 Stab: Sleeping          |       |     1 |     3 |     3 ||     7
       Paralysed         |       |    10 |    10 |       ||    20
       Confused          |       |       |     8 |     1 ||     9
       Distracted        |       |       |       |     6 ||     6
  Eat: Chunk             |     1 |     5 |     9 |    10 ||    25
       Bread ration      |       |       |     1 |       ||     1
       Fruit             |       |       |     3 |       ||     3
       Royal jelly       |       |       |     1 |       ||     1
Armor: Skin              |    25 |    59 |   118 |    37 ||   239
Dodge: Dodged            |    61 |   171 |   342 |   156 ||   730
       Rpst.: Long sword |    18 |    49 |   109 |    35 ||   211
       Great sword       |       |       |       |    14 ||    14
